 Dungeon Crawl Stone Soup version 0.31-a0-963-ga325b2283a (webtiles) character file.

Game seed: 15740093081252880722

5500 Bnni the Severer (level 10, -3/96 HPs)
             Began as a Hill Orc Monk on Oct 24, 2023.
             Was a Believer of Beogh.
             Slain by a two-headed ogre
             ... wielding a +0 giant spiked club
              (24 damage)
             ... on level 10 of the Dungeon.
             The game lasted 00:21:06 (9187 turns).

Bnni the Severer (Hill Orc Monk)                    Turns: 9187, Time: 00:21:07

Health: -3/96      AC: 11    Str: 19    XL:     10   Next: 70%
Magic:  12/12      EV:  8    Int: 10    God:    Beogh [**....]
Gold:   642        SH:  0    Dex: 13    Spells: 9/9 levels left

rFire   x . .        j - +0 executioner's axe
rCold   + . .        (shield currently unavailable)
rNeg    . . .        C - +0 chain mail
rPois   .            (no helmet)
rElec   .            F - +0 cloak
rCorr   +            p - +1 pair of gloves
SInv    .            (no boots)
Will    .....        I - amulet of faith Stlth
                     J - ring of resist corrosion
HPRegen 0.36/turn    N - ring of ice
MPRegen 0.13/turn

%: faith
@: no status effects
A: no striking features
a: Renounce Religion, Smiting


You were on level 10 of the Dungeon.
You worshipped Beogh.
Beogh was pleased with you.
You visited 2 branches of the dungeon, and saw 11 of its levels.
You also visited: Sewer and Ossuary.

You collected 730 gold pieces.
You spent 88 gold pieces at shops.

Inventory:

Hand Weapons
 j - a +0 executioner's axe (weapon)
 q - a +3 hand axe
 r - a +2 dagger of venom
Missiles
 c - 2 throwing nets
 g - 5 poisoned darts
 B - 8 boomerangs
Armour
 d - an orb of light
 p - a +1 pair of gloves (worn)
 C - a +0 chain mail (worn)
 F - a +0 cloak (worn)
Jewellery
 G - a ring of fire
 I - an amulet of faith (around neck)
 J - a ring of resist corrosion (left hand)
 N - a ring of ice (right hand)
Wands
 b - a wand of digging (6)
 h - a wand of polymorph (9)
 E - a wand of roots (26)
 H - a wand of paralysis (2)
Scrolls
 a - a scroll of enchant armour {unknown}
 f - 6 scrolls of immolation
 k - a scroll of butterflies {unknown}
 m - 2 scrolls of fear {unknown}
 o - 9 scrolls of teleportation
 w - a scroll of silence {unknown}
 x - 6 scrolls of fog
 y - a scroll of poison {unknown}
 z - a scroll of enchant weapon
 A - a scroll of revelation
 K - 2 scrolls of blinking {unknown}
 O - a scroll of identify
Potions
 e - 4 potions of attraction
 i - a potion of brilliance
 l - 5 potions of enlightenment
 n - a potion of berserk rage
 s - 2 potions of haste {unknown}
 t - 2 potions of resistance
 u - 4 potions of cancellation
 v - a potion of curing
 D - 3 potions of might
 L - 2 potions of mutation
 M - 4 potions of invisibility {unknown}
 P - 3 potions of lignification {unknown}


   Skills:
 + Level 11.2 Fighting
 * Level 16.2 Axes
 - Level 2.4 Dodging
 + Level 3.9 Invocations


You had 9 spell levels left.
You didn't know any spells.
Your spell library contained the following spells:

 Spells                   Type           Power      Damage    Failure   Level
 Sting                    Tmut/Pois      0%         1d3       98%         1
 Poisonous Vapours        Pois/Air       0%         N/A       99%         2
 Call Canine Familiar     Summ           0%         N/A       100%        3
 Dazzling Flash           Conj/Hex       0%         N/A       100%        3
 Inner Flame              Hex/Fire       0%         N/A       100%        3
 Sigil of Binding         Hex            0%         N/A       100%        3
 Volatile Blastmotes      Fire/Tloc      0%         2d10      100%        3
 Cause Fear               Hex            0%         N/A       100%        4
 Dimensional Bullseye     Hex/Tloc       0%         N/A       100%        4
 Flame Wave               Conj/Fire      0%         2d4       100%        4
 Fulminant Prism          Conj/Hex       0%         3d5       100%        4
 Iskenderun's Mystic Bla  Conj/Tloc      0%         2d3       100%        4
 Leda's Liquefaction      Hex/Erth       0%         N/A       100%        4
 Olgreb's Toxic Radiance  Pois           0%         N/A       100%        4
 Sticky Flame             Conj/Fire      0%         2d3       100%        4
 Fireball                 Conj/Fire      0%         3d3       100%        5
 Simulacrum               Ice/Necr       0%         N/A       100%        6
 Starburst                Conj/Fire      0%         6d3       100%        6
 Ozocubu's Refrigeration  Ice            0%         4d7       100%        7
 Maxwell's Capacitive Co  Air            0%         ∞         100%        8
 Dragon's Call            Summ           0%         N/A       100%        9
 Polar Vortex             Ice            0%         N/A       100%        9


Dungeon Overview and Level Annotations

Branches:
Dungeon (10/15)            Temple (1/1) D:4            Lair (0/5) D:9
  Sewer (visited)         Ossuary (visited)
    Orc: D:9-12

Altars:
Ashenzari
Cheibriados
Dithmenos
Elyvilon
Fedhas
Gozag
Hepliaklqana
Kikubaaqudgha
Makhleb
Nemelex Xobeh
Okawaru
Qazlal
Ru
Sif Muna
Trog
Uskayaw
Vehumet
Wu Jian
Xom
Yredelemnul
Zin
The Shining One

Shops:
D:3 :   D:5 *

Annotations:
D:6 3 runed translucent doors, lis82's ghost, novice DgIE
D:9 3 runed translucent doors, sanka's ghost, novice DrCj


Message History

A tengu conjurer comes into view.
The tengu conjurer shouts!
The tengu conjurer mumbles some strange words.
The tengu conjurer conjures a globe of magical energy!
A battlesphere comes into view.
A two-headed ogre comes into view.
It is wielding two +0 giant spiked clubs.
The two-headed ogre shouts in stereo!
A kobold brigand comes into view.
It is wielding a +0 short sword and quivering poisoned darts.
Aiming: Paralyse
Press: ? - help, Shift-Dir - straight line, f - tengu conjurer
Aim: a tengu conjurer, wearing a +0 buckler (chance to affect: 49%)
The tengu conjurer suddenly stops moving!
The kobold brigand shouts!
Aiming: Paralyse
Press: ? - help, Shift-Dir - straight line, f - two-headed ogre, p - tengu conjurer
Aim: a two-headed ogre, wielding two +0 giant spiked clubs (chance to affect: 31%)
The two-headed ogre easily resists.
Unknown command.
The two-headed ogre hits you with a +0 giant spiked club! x2
You barely miss the two-headed ogre. You completely miss the kobold brigand.
The kobold brigand hits you but does no damage.
The two-headed ogre barely misses you.
The two-headed ogre hits you with a +0 giant spiked club!!
Unknown command.
Aiming: Paralyse
Press: ? - help, Shift-Dir - straight line, f/p - two-headed ogre
Aim: a two-headed ogre, wielding two +0 giant spiked clubs (chance to affect: 31%)
The two-headed ogre easily resists.
The kobold brigand hits you with a +0 short sword.
You barely miss the two-headed ogre. You hit the kobold brigand.
The tengu conjurer is no longer paralysed.
The two-headed ogre hits you with a +0 giant spiked club!!
* * * LOW HITPOINT WARNING * * *
The two-headed ogre misses you.
The kobold brigand hits you but does no damage.
Unknown command.
You barely miss the two-headed ogre. You barely miss the kobold brigand.
The kobold brigand misses you.
The two-headed ogre hits you with a +0 giant spiked club!!
You die...

..... .... ...#
######..# #..#
.......*#########..#
.......Q...........#
......KO....... ...#
.......@#########..#
...................#
...................#
.######.†.........<#
#...#######..#
####...#######..#
.................#
##################


You could see a two-headed ogre, a tengu conjurer, a kobold brigand and a
battlesphere (distracted).

Vanquished Creatures
  Pikel (D:4)
  A rime drake (D:9)
  The ghost of Opifex the Trooper, a novice VSFi of Hepliaklqana (D:5)
  A shadow (D:9)
  A wraith (D:9)
  A wyvern (D:9)
  Eustachio (D:5)
  3 yaks (D:8)
  A sky beast (D:6)
  Duvessa (D:5)
  6 ice beasts
  2 ogres
  3 wolves (D:9)
  A centaur (D:6)
  A phantom (D:4)
  A kobold brigand (D:9)
  A bullfrog (D:7)
  Dowan (D:5)
  8 wights
  A hornet simulacrum (D:5)
  6 killer bees (D:9)
  4 howler monkeys
  A centaur zombie (Ossuary)
  A human zombie (Ossuary)
  3 hounds
  Crazy Yiuf (D:5)
  An orc priest (D:8)
  A gnoll bouda (D:9)
  5 jellies
  A water moccasin simulacrum (D:5)
  2 iguanas
  A sleepcap (D:7)
  Ijyb (D:5)
  4 orc wizards
  A bullfrog simulacrum (D:5)
  A centaur simulacrum (D:5)
  6 mummies
  12 gnolls
  7 adders
  7 river rats
  3 white imps
  2 ufetubi (D:5)
  A worm (D:4)
  4 dart slugs
  22 orcs
  7 endoplasms
  5 giant cockroaches
  8 goblins
  9 hobgoblins
  2 jackals
  12 kobolds
  8 quokkas
  18 ball pythons
  12 bats
  2 frilled lizards
  A gnoll zombie (Ossuary)
  2 goblin zombies
  3 hobgoblin zombies (Ossuary)
  2 kobold zombies
  9 rats
235 creatures vanquished.

Vanquished Creatures (others)
  An orc priest (D:8)
1 creature vanquished.

Grand Total: 236 creatures vanquished

Notes
Turn   | Place    | Note
-------+----------+-------------------------------------------
     0 | D:1      | Bnni the Hill Orc Monk began the quest for the Orb.
     0 | D:1      | Reached XP level 1. HP: 19/19 MP: 1/1
    72 | D:1      | Reached XP level 2. HP: 26/27 MP: 2/2
   375 | D:1      | Reached skill level 5 in Axes
   375 | D:1      | Reached XP level 3. HP: 26/33 MP: 3/3
   976 | D:2      | Reached XP level 4. HP: 41/41 MP: 4/4
  1764 | D:3      | Found Ytuust's Book Shop.
  1962 | D:4      | Noticed an ogre
  1972 | D:4      | Killed an ogre
  1973 | D:4      | Reached skill level 5 in Fighting
  1973 | D:4      | Reached skill level 6 in Axes
  1973 | D:4      | Reached XP level 5. HP: 39/48 MP: 5/5
  2016 | D:4      | Noticed a phantom
  2020 | D:4      | Noticed a lemure
  2022 | D:4      | Noticed Pikel
  2029 | D:4      | Killed a phantom
  2030 | D:4      | Reached skill level 7 in Axes
  2030 | D:4      | Reached XP level 6. HP: 43/56 MP: 6/6
  2195 | D:4      | Found a staircase to the Ecumenical Temple.
  2207 | D:4      | Killed Pikel
  2208 | D:4      | Reached skill level 9 in Axes
  2208 | D:4      | Reached XP level 7. HP: 43/64 MP: 7/7
  2230 | Temple   | Entered the Ecumenical Temple
  2369 | D:4      | Found a glowing drain.
  2388 | Sewer    | Entered a sewer
  2613 | Sewer    | Reached skill level 10 in Axes
  2636 | Sewer    | Reached XP level 8. HP: 48/73 MP: 8/8
  3299 | D:5      | Entered Level 5 of the Dungeon
  3491 | D:5      | Found a runed translucent gate.
  3491 | D:5      | Found a runed translucent gate.
  3492 | D:5      | Found a runed translucent gate.
  3509 | D:5      | Noticed Eustachio
  3541 | D:5      | Killed Eustachio
  3758 | D:5      | Noticed Dowan
  3758 | D:5      | Noticed Duvessa
  3764 | D:5      | Killed Duvessa
  3765 | D:5      | Reached skill level 11 in Axes
  3779 | D:5      | Killed Dowan
  4017 | D:5      | Found Kogeuloe's General Store.
  4026 | D:5      | Bought a potion of might for 44 gold pieces
  4026 | D:5      | Bought a scroll of identify for 22 gold pieces
  4026 | D:5      | Bought a scroll of identify for 22 gold pieces
  4065 | D:5      | Noticed Ijyb
  4074 | D:5      | Killed Ijyb
  4101 | D:5      | Noticed Opifex's ghost (novice VSFi)
  4342 | D:5      | Found a runed translucent door.
  4343 | D:5      | Noticed Crazy Yiuf
  4349 | D:5      | Killed Crazy Yiuf
  4565 | D:5      | Reached skill level 12 in Axes
  4710 | D:5      | Killed Opifex's ghost
  4711 | D:5      | Reached XP level 9. HP: 46/82 MP: 1/9
  5024 | D:6      | Found a runed translucent gate.
  5024 | D:6      | Found a runed translucent gate.
  5024 | D:6      | Found a runed translucent gate.
  5025 | D:6      | Noticed lis82's ghost (novice DgIE)
  5039 | D:6      | Noticed a kobold demonologist
  5040 | D:6      | Identified the +4 trident of Dominance {freeze, rN+ Int+4}
  5150 | D:6      | Reached skill level 13 in Axes
  5210 | D:6      | Found a sand-covered staircase.
  5218 | Ossuary  | Entered an ossuary
  6206 | D:7      | Reached skill level 14 in Axes
  6497 | D:7      | Identified the +2 robe of the Cockroach {Slay+3}
  6650 | D:7      | Reached skill level 10 in Fighting
  6843 | D:8      | Identified the +2 falchion "Gaowuc" {venom, Str+2 Int+5}
  6976 | D:8      | HP: 3/66 [wight/+5 falchion (1)]
  7136 | D:8      | Found a radiant altar of Vehumet.
  7136 | D:8      | Found a sacrificial altar of Ru.
  7271 | D:8      | Reached XP level 10. HP: 59/82 MP: 10/10
  7291 | D:8      | Reached skill level 15 in Axes
  7332 | D:8      | Became a worshipper of Beogh the Brigand
  7332 | D:8      | Reached * piety under Beogh
  7332 | D:8      | Reached ** piety under Beogh
  7567 | D:8      | Found a snail-covered altar of Cheibriados.
  7572 | D:8      | Found a shimmering blue altar of Sif Muna.
  7834 | D:9      | Reached skill level 1 in Invocations
  7853 | D:9      | HP: 4/94 [killer bee (3)]
  7855 | D:9      | HP: 1/94 [killer bee (7)]
  8432 | D:9      | Found a staircase to the Lair.
  8436 | D:9      | Reached skill level 16 in Axes
  8978 | D:9      | Found a runed translucent gate.
  8978 | D:9      | Found a runed translucent gate.
  8978 | D:9      | Found a runed translucent gate.
  8978 | D:9      | Noticed a spectral centaur warrior
  8978 | D:9      | Noticed sanka's ghost (novice DrCj)
  8983 | D:9      | Noticed a spectral centaur warrior
  9140 | D:10     | Entered Level 10 of the Dungeon
  9179 | D:10     | Noticed a two-headed ogre
  9187 | D:10     | Slain by a two-headed ogre

Illustrated notes

Levels and vault maps discovered:
D:1:      tarquinn_simple_flora_water_a, layout_basic
D:2:      minmay_spotlight, layout_basic
D:3:      layout_rooms, serial_shops, nicolae_book_shop_shelving
D:4:      layout_rooms, minmay_temple_entry_glass, portal_sewer_entry_b,
          uniq_pikel
D:5:      layout_loops_corners, serial_shops, nicolae_shop_waterfront,
          gammafunk_ghost_icy, uniq_duvessa, uniq_ijyb, uniq_crazy_yiuf_cottage,
          uniq_eustachio
D:6:      layout_gridville, gammafunk_ghost_nasty_kobolds,
          nicolae_ossuary_entry_giza, nrook_campfire
D:7:      layout_gridville
D:8:      layout_rooms, grunt_temple_overflow_open
D:9:      layout_loops_ring, hellmonk_lair_entry_icy, gammafunk_ghost_necromancy
D:10:     nzn_winding_woodlands_small [nzn_winding_woodlands_5x15_parted,
          nzn_winding_woodlands_center_garden,
          nzn_winding_woodlands_5x15_twine], layout_long_grid, serial_shops,
          nicolae_shop_drivethru
Temple:   nicolae_temple_two_arcs

Skill      XL: |  1  2  3  4  5  6  7  8  9 10 |
---------------+-------------------------------+-----
Fighting       | 4 5 6 7 8 10 11 | 11.2
Axes           | 5 6 7 9 10 12 14 16 | 16.2
Invocations    | 3 |  3.9
Dodging        | |  2.4

Action                     |  1- 3 |  4- 6 |  7- 9 | 10-12 || total
---------------------------+-------+-------+-------+-------++-------
  Melee: Hand axe          |   114 |    67 |       |       ||   181
         Executioner's axe |       |    29 |   368 |   112 ||   509
         Dagger            |       |       |       |    34 ||    34
         Punch             |       |       |       |     2 ||     2
  Throw: Dart              |       |     2 |       |       ||     2
         Boomerang         |       |       |     1 |       ||     1
 Invoke: Smiting           |       |       |       |     1 ||     1
         Convert to Beogh  |       |       |       |     1 ||     1
  Evoke: Wand              |       |       |       |     3 ||     3
    Use: Scroll            |       |     7 |     3 |     2 ||    12
         Potion            |       |       |     2 |    10 ||    12
 Armour: Robe              |    39 |       |       |       ||    39
         Leather armour    |     8 |    21 |       |       ||    29
         Ring mail         |       |    46 |   132 |       ||   178
         Chain mail        |       |       |   200 |   173 ||   373
  Dodge: Dodged            |    86 |    65 |   223 |    63 ||   437

Table legend: (Time is in decaauts)
 A = Elapsed time spent in this place.
 B = Non-inter-level travel time spent in this place.
 C = Inter-level travel time spent in this place.
 D = Time resting spent in this place.
 E = Time spent auto-exploring this place.
 F = Levels seen in this place.
 G = Mean time per level.
                   A        B        C        D        E       F      G
               +--------+--------+--------+--------+--------+-----+--------+
         Total |   9487 |   9121 |    366 |   1233 |   5661 |  13 |  729.8 |
       Dungeon |   8379 |   8013 |    366 |   1104 |   5114 |  10 |  837.9 |
        Temple |      1 |      1 |      0 |      0 |      0 |   1 |    1.0 |
         Sewer |    891 |    891 |      0 |    129 |    489 |   1 |  891.0 |
       Ossuary |    214 |    214 |      0 |      0 |     57 |   1 |  214.0 |
               +--------+--------+--------+--------+--------+-----+--------+

Top non-repeatable levels by time:
     D:5: 1529 daAuts
     D:8: 1221 daAuts
     D:9: 1099 daAuts
     D:6: 924 daAuts
   Sewer: 891 daAuts
     D:7: 884 daAuts
     D:2: 803 daAuts
     D:1: 738 daAuts
     D:4: 686 daAuts
     D:3: 444 daAuts
 Ossuary: 214 daAuts
    D:10: 47 daAuts
  Temple: 1 daAuts
